 Dungeon Crawl Stone Soup version 0.29-a0-350-g7790a0e70a (webtiles) character file.

Game seed: 12729537381971268344

1538 zeratav the Scholar of Death (level 8, 0/46 HPs)
             Began as an Octopode Conjurer on Apr 22, 2022.
             Was a Follower of Kikubaaqudgha.
             Slain by a yak (3 damage)
             ... on level 6 of the Dungeon.
             The game lasted 00:17:09 (7116 turns).

zeratav the Scholar of Death (Octopode Conjurer)    Turns: 7116, Time: 00:17:09

Health: 0/46       AC:  1    Str:  2    XL:     8   Next: 86%
Magic:  2/14       EV: 13    Int: 26    God:    Kikubaaqudgha [*.....]
Gold:   162        SH:  0    Dex: 10    Spells: 6/15 levels left

rFire   + . .      SeeInvis +   u - +6 spear of Ashenzari, Keeping {vorpal, rF+ rN++ Str-5 Int+4, polearm}
rCold   . . .      Faith    .   (no shield)
rNeg    + + .      Spirit   .   (helmet restricted)
rPois   +          Reflect  .   (no amulet)
rElec   .          Harm     .   d - ring of wizardry
rCorr   .          Rampage  .   l - ring of poison resistance
Will    .....                   w - ring of see invisible
Stlth   +++.......              (no ring)
HPRegen 0.15/turn               (no ring)
MPRegen 0.14/turn               (no ring)
                                (no ring)
                                (no ring)

@: no status effects
A: almost no armour, amphibious, 8 rings, camouflage 1, gelatinous body 1,
(nimble swimmer 1), tentacles
a: Renounce Religion, Receive Corpses


You were on level 6 of the Dungeon.
You worshipped Kikubaaqudgha.
Kikubaaqudgha was aware of your devotion.
You visited 2 branches of the dungeon, and saw 7 of its levels.

You collected 162 gold pieces.


Innate Abilities, Weirdness & Mutations

You cannot wear most types of armour.
You are amphibious.
You can wear up to eight rings at the same time.
Your skin changes colour to match your surroundings (Stealth+).
Your rubbery body absorbs attacks. (AC +1, EV +1)
((You are camouflaged when in or above water. (Stealth+)))
You have tentacles for arms and can constrict up to eight enemies at once.


   Skills:
 - Level 2.0 Dodging
 - Level 2.6 Stealth
 - Level 4.0 Spellcasting
 - Level 6.9 Conjurations
 * Level 7.1 Necromancy
 - Level 3.7 Translocations


You had 6 spell levels left.
You knew the following spells:

 Your Spells              Type           Power      Damage    Failure   Level
a - Magic Dart            Conj           100%       1d8       1%          1
b - Searing Ray           Conj           82%        2d7       1%          2
c - Iskenderun's Mystic   Conj/Tloc      32%        2d8       4%          4
d - Corpse Rot            Necr/Air       46%        N/A       1%          2

Your spell library contained the following spells:

 Spells                   Type           Power      Damage    Failure   Level
 Animate Skeleton         Necr           84%        N/A       1%          1
 Foxfire                  Conj/Fire      92%        2x1d8     1%          1
 Pain                     Necr           100%       1d9       1%          1
 Sublimation of Blood     Necr           42%        N/A       1%          2
 Vampiric Draining        Necr           42%        2d9       1%          3
 Animate Dead             Necr           21%        N/A       1%          4
 Conjure Flame            Conj/Fire      23%        6-21      2%          3
 Dazzling Flash           Conj/Hex       46%        N/A       2%          3
 Beastly Appendage        Tmut           10%        N/A       3%          1
 Mephitic Cloud           Conj/Pois/Air  17%        N/A       4%          3
 Wereblood                Tmut           5%         N/A       5%          2
 Flame Wave               Conj/Fire      23%        2d7       9%          4
 Fulminant Prism          Conj/Hex       11%        3d9       9%          4
 Confusing Touch          Hex            5%         N/A       11%         3
 Ignite Poison            Fire/Tmut/Pois 5%         N/A       11%         3
 Inner Flame              Hex/Fire       5%         N/A       11%         3
 Spider Form              Tmut/Pois      5%         N/A       11%         3
 Freezing Cloud           Conj/Ice/Air   8%         6-21      32%         5
 Yara's Violent Unravell  Hex/Tmut       2%         3d3       65%         5
 Haunt                    Necr/Summ      11%        N/A       99%         7
 Enfeeble                 Hex            2%         N/A       100%        7
 Infestation              Necr           21%        N/A       100%        8

Inventory:

Hand Weapons
 f - a +4 spear {polearm}
   (You found it on level 1 of the Dungeon)
 o - a +0 dagger of venom {short}
   (You took it off an orc on level 5 of the Dungeon)
 q - a +2 vampiric spear {polearm}
   (You took it off a gnoll on level 5 of the Dungeon)
 u - the +6 spear of Ashenzari, Keeping (weapon) {vorpal, rF+ rN++ Str-5 Int+4, polearm}
   (You found it on level 4 of the Dungeon)

   It inflicts extra damage upon your enemies.
   Str:       It affects your strength (-5).
   Int:       It affects your intelligence (+4).
   rF:        It protects you from fire.
   rN:        It greatly protects you from negative energy.
Armour
 s - a +0 kite shield
   (You found it on level 3 of the Dungeon)
Magical Staves
 v - a staff of death {staff}
   (You found it on level 4 of the Dungeon)
Jewellery
 d - a ring of wizardry (left tentacle)
   (You found it on level 1 of the Dungeon)
 l - a ring of poison resistance (right tentacle)
   (You found it on level 5 of the Dungeon)
 w - a ring of see invisible (on tentacle)
   (You found it on level 6 of the Dungeon)
Wands
 r - a wand of flame (34)
   (You found it on level 5 of the Dungeon)
 y - a wand of paralysis (13)
   (You found it on level 6 of the Dungeon)
Scrolls
 c - a scroll of enchant armour {unknown}
 e - a scroll of magic mapping {unknown}
 g - 8 scrolls of identify {unknown}
 j - a scroll of holy word {unknown}
 p - 2 scrolls of blinking {unknown}
 t - 2 scrolls of fear {unknown}
 x - a scroll of immolation {unknown}
Potions
 a - a potion of magic
 b - 6 potions of curing {unknown}
 h - 3 potions of heal wounds {unknown}
 i - a potion of resistance {unknown}
 k - 2 potions of haste {unknown}
 m - a potion of brilliance {unknown}
 n - a potion of berserk rage {unknown}

Dungeon Overview and Level Annotations

Branches:
Dungeon (6/15)             Temple (1/1) D:5

Altars:
Ashenzari
Dithmenos
Elyvilon
Fedhas
Gozag
Hepliaklqana
Kikubaaqudgha
Makhleb
Nemelex Xobeh
Okawaru
Qazlal
Ru
Sif Muna
Trog
Uskayaw
Vehumet
Wu Jian
Xom
Yredelemnul
Zin
The Shining One

Shops:
D:6 :

Annotations:
D:2 Sigmund

#.......... .#
###.####### .# #.# .#
######.## .# ........#
##.#
######..########.<####
#...............#
#.#########.###.# #.#
#@# # #.# #Y# #.#
##Y## #.# ###.#.## #.#
#..###.# #.# #Y#.#.##
#.# #.##.## #.# #.####
#.# #Y÷÷#


You could see 2 yaks.


Message History

A yak comes into view.
Casting: Searing Ray (safe; 1% risk of failure)
Confirm with . or Enter, or press ? or * to list all spells.
Okay, then.
Kikubaaqudgha delivers you corpses!
The yak bellows! x3
MP[-3]
You lost 3 mp, and now have 11/14 mp.
You see here a water moccasin corpse.
Casting: Searing Ray (safe; 1% risk of failure)
Confirm with . or Enter, or press ? or * to list all spells.
You smell decay.
MP[-2]
You lost 2 mp, and now have 9/14 mp.
The yak barely misses you.
You barely miss the yak. You hit the yak. You squeeze the yak.
MP[+1]
You hit the yak. The yak gores you!
HP[-17]
You take 17 damage, and now have 29/46 hp.
MASSIVE DAMAGE!! (PAUSE) Really wriggle into that cloud of foul pestilence?
You are engulfed in dark miasma.
* * * LOW HITPOINT WARNING * * *
HP[-6]
You take 6 damage, and now have 23/46 hp.
HP[+1] MP[+1]
Okay, then.
Reach: u) +6 spear of Ashenzari, Keeping {vorpal, rF+ rN++ Str-5 Int+4, polearm}
Press: ? - help, Dir - move target, f - yak
Aim: a yak (moderately wounded, about 25% to evade the +6 spear of Ashenzari, Keeping)
You reach to attack!
You barely miss the yak.
HP[+1]
Casting: Corpse Rot (safe; 1% risk of failure)
Confirm with . or Enter, or press ? or * to list all spells.
Aiming: Searing Ray (safe; 1% risk of failure)
Press: ? - help, Shift-Dir - straight line, f - yak, p - yak
Aim: a yak (89% to hit)
The searing ray hits the yak.
The searing ray hits the yak!
The searing ray hits the yak. (Press . to maintain the ray.)
The yak gores you.
* * * LOW HITPOINT WARNING * * *
HP[-2] MP[-2]
You take 2 damage, and now have 23/46 hp.
You lost 2 mp, and now have 9/14 mp.
The searing ray hits the yak. x3; The yak closely misses you.
MP[-1]
You lost 1 mp, and now have 8/14 mp.
The searing ray misses the yak.
The searing ray hits the yak!
The searing ray hits the yak.
The yak gores you.
* * * LOW HITPOINT WARNING * * *
HP[-5] MP[-1]
You take 5 damage, and now have 18/46 hp.
You lost 1 mp, and now have 7/14 mp.
The searing ray hits the yak. x2
The searing ray hits the yak but does no damage.
You finish channelling your searing ray.
The yak gores you!
* * * LOW HITPOINT WARNING * * *
HP[-16] MP[-1]
You take 16 damage, and now have 2/46 hp.
MASSIVE DAMAGE!! (PAUSE)
You lost 1 mp, and now have 6/14 mp.
Casting: Searing Ray (safe; 1% risk of failure)
Confirm with . or Enter, or press ? or * to list all spells.
Aiming: Searing Ray (safe; 1% risk of failure)
Press: ? - help, Shift-Dir - straight line, f/p - yak
Aim: a yak (moderately wounded, 89% to hit)
The searing ray hits the yak!
The searing ray hits the yak. x2 (Press . to maintain the ray.)
The yak misses you.
MP[-1]
You lost 1 mp, and now have 5/14 mp.
The searing ray hits the yak. x3; The yak barely misses you.
MP[-1]
You lost 1 mp, and now have 4/14 mp.
The searing ray hits the yak!
You kill the yak!
Kikubaaqudgha accepts your kill.
The searing ray hits the yak!
You kill the yak!
Kikubaaqudgha accepts your kill.
The searing ray hits the yak.
Your Necromancy skill gained 2 levels and is now at level 7!
HP[+1] MP[-1]
You lost 1 mp, and now have 3/14 mp.
The searing ray hits the yak!
You finish channelling your searing ray.
MP[-1]
You lost 1 mp, and now have 2/14 mp.
Aiming: Paralyse
Press: ? - help, Q - select action, (/) - cycle Shift-Dir - straight line, f/p - yak
Aim: a yak (severely wounded, chance to affect: 49%)
The yak resists with some effort.
The yak gores you.
You die...
Kikubaaqudgha rasps: "You have failed me!
Welcome... death!"

Skill      XL: |  1  2  3  4  5  6  7  8 |
---------------+-------------------------+-----
Translocations | 1 2 3 |  3.7
Conjurations   | 5 6 |  6.9
Spellcasting   | 3 4 |  4.0
Necromancy     | 3 7 |  7.1
Dodging        | |  2.0
Stealth        | |  2.6

Action                   |  1- 3 |  4- 6 |  7- 9 || total
-------------------------+-------+-------+-------++-------
Melee: Club              |     5 |       |       ||     5
       Spear             |    19 |    16 |    16 ||    51
       Tentacles         |     3 |     3 |     4 ||    10
       Constrict         |     3 |     2 |     1 ||     6
 Cast: Magic Dart        |    49 |    58 |   108 ||   215
       Searing Ray       |     1 |    12 |    18 ||    31
       Iskenderun's Myst |       |       |     4 ||     4
       Corpse Rot        |       |       |     1 ||     1
Invok: Receive Corpses   |       |       |     1 ||     1
Evoke: Wand              |       |       |     1 ||     1
  Use: Potion            |       |       |     1 ||     1
Armor: Skin              |     2 |     4 |       ||     6
Dodge: Dodged            |    18 |    22 |    24 ||    64

Levels and vault maps discovered:
D:1:      enne_arrival_octagon_isle, layout_basic
D:2:      minmay_angry_zag, layout_basic, shapermc_ecumenical_altar_rom_forum,
          uniq_robin, uniq_sigmund
D:3:      layout_rooms, uniq_jessica
D:4:      layout_rooms
D:5:      layout_cave_pods, minmay_temple_entry_mist
D:6:      layout_loops_ring, serial_shops, kennysheep_little_box
Temple:   grunt_wide_crystal_templ

Notes
Turn   | Place    | Note
-------+----------+-------------------------------------------
     0 | D:1      | zeratav the Octopode Conjurer began the quest for the Orb.
     0 | D:1      | Reached XP level 1. HP: 11/11 MP: 3/3
     0 | D:1      | magus.rc [v1.9.6]
   452 | D:1      | Reached XP level 2. HP: 17/17 MP: 3/5
   455 | D:1      | Learned a level 2 spell: Searing Ray
   861 | D:1      | Reached skill level 1 in Translocations
   866 | D:1      | Reached XP level 3. HP: 21/21 MP: 1/6
  1281 | D:2      | Found a faded altar of an unknown god.
  1289 | D:2      | Got Plato's Compendium of Dark Secrets
  1471 | D:2      | Reached XP level 4. HP: 27/27 MP: 4/7
  1908 | D:2      | Noticed Sigmund
  1922 | D:2      | Reached skill level 5 in Conjurations
  1948 | D:2      | Noticed Robin
  1953 | D:2      | Killed Robin
  2426 | D:2      | Reached skill level 2 in Translocations
  2426 | D:2      | Reached XP level 5. HP: 31/31 MP: 7/9
  2642 | D:3      | You fall into a shaft and drop 2 floors!
  2642 | D:5      | Entered Level 5 of the Dungeon
  2691 | D:5      | Reached skill level 3 in Spellcasting
  2841 | D:5      | Reached XP level 6. HP: 15/36 MP: 1/11
  2846 | D:5      | HP: 9/36 [poisoned by a scorpion]
  3074 | D:4      | Reached skill level 6 in Conjurations
  3196 | D:5      | Learned a level 4 spell: Iskenderun's Mystic Blast
  3209 | D:5      | Reached skill level 3 in Translocations
  3390 | D:5      | Reached XP level 7. HP: 32/41 MP: 0/12
  3511 | D:5      | You pick up a book of Death and begin reading...
  3511 | D:5      | You add the spells Animate Dead, Haunt and Infestation to
                  | your library.
  3578 | D:5      | Found a staircase to the Ecumenical Temple.
  3615 | D:5      | HP: 4/41 [gnoll shaman/+0 club (11)]
  3617 | D:5      | HP: 1/41 [gnoll shaman/+0 club (2)]
  3945 | Temple   | Entered the Ecumenical Temple
  4002 | Temple   | Became a worshipper of Kikubaaqudgha
  4556 | D:5      | Reached skill level 4 in Spellcasting
  4756 | D:4      | Reached skill level 1 in Necromancy
  5038 | D:3      | Reached skill level 2 in Necromancy
  5198 | D:3      | Noticed Jessica
  5199 | D:3      | Killed Jessica
  5538 | D:4      | Reached skill level 3 in Necromancy
  5538 | D:4      | Reached XP level 8. HP: 42/46 MP: 5/14
  5604 | D:4      | Identified the +6 spear of Ashenzari, Keeping {vorpal, rF+
                  | rN++ Str-5 Int+4}
  5625 | D:4      | Reached * piety under Kikubaaqudgha
  5625 | D:4      | You add the spells Animate Skeleton, Corpse Rot,
                  | Sublimation of Blood and Vampiric Draining to your library.
  5625 | D:4      | Received a gift from Kikubaaqudgha
  5695 | D:4      | Reached skill level 4 in Necromancy
  5763 | D:4      | You pick up a book of Misfortune and begin reading...
  5763 | D:4      | You add the spells Confusing Touch, Yara's Violent
                  | Unravelling and Enfeeble to your library.
  5809 | D:4      | You add the spells Ignite Poison, Mephitic Cloud and
                  | Freezing Cloud to your library.
  5829 | D:4      | Learned a level 2 spell: Corpse Rot
  6028 | D:6      | You pick up a book of Flames and begin reading...
  6028 | D:6      | You add the spells Foxfire, Conjure Flame, Inner Flame and
                  | Flame Wave to your library.
  6367 | D:6      | Reached skill level 5 in Necromancy
  6521 | D:6      | You pick up a book of Changes and begin reading...
  6521 | D:6      | You add the spells Beastly Appendage, Wereblood and Spider
                  | Form to your library.
  6712 | D:6      | Found Tafech's Book Shoppe.
  7085 | D:6      | Noticed a yak
  7085 | D:6      | Noticed a yak
  7085 | D:6      | Noticed a yak
  7090 | D:6      | Noticed a yak
  7111 | D:6      | HP: 2/46 [yak (16)]
  7114 | D:6      | Killed a yak
  7114 | D:6      | Killed a yak
  7115 | D:6      | Reached skill level 7 in Necromancy
  7116 | D:6      | Slain by a yak

Vanquished Creatures
  2 yaks (D:6)
  2 ice beasts
  An ogre (D:4)
  2 phantoms
  2 necrophages (D:4)
  2 scorpions (D:5)
  A jelly (D:4)
  2 orc priests
  A gnoll shaman (D:5)
  3 hounds
  Jessica (D:3)
  3 iguanas
  An orc wizard (D:5)
  Robin (D:2)
  5 gnolls (D:5)
  5 adders
  A white imp (D:5)
  3 ufetubi
  A worm (D:3)
  16 orcs
  9 bats
  8 endoplasms
  6 giant cockroaches
  13 goblins
  6 hobgoblins
  12 jackals
  4 quokkas
  6 ball pythons
  2 frilled lizards (D:2)
  6 kobolds
  6 rats
133 creatures vanquished.

Table legend:
 A = Non-vault XP
 B = Vault XP
 C = Vault XP percentage of total XP
 D = Non-vault monster count
 E = Vault monster count
 F = Vault count percentage of total count
                 A         B        C        D         E       F
            +---------+---------+-------+---------+---------+-------
      Total |    2107 |      91 |   4.1 |     116 |      17 |  12.8
            +---------+---------+-------+---------+---------+-------
        D:1 |      48 |       0 |   0.0 |      28 |       0 |   0.0
        D:2 |      64 |      54 |  45.8 |      18 |      16 |  47.1
        D:3 |     166 |      37 |  18.2 |      17 |       1 |   5.6
        D:4 |     444 |       0 |   0.0 |      15 |       0 |   0.0
        D:5 |     610 |       0 |   0.0 |      25 |       0 |   0.0
        D:6 |     775 |       0 |   0.0 |      13 |       0 |   0.0
            +---------+---------+-------+---------+---------+-------

Illustrated notes

Table legend:
 A = Kills in this place as a percentage of kills in entire the game.
 B = Kills by you in this place as a percentage of kills by you in the entire game.
 C = Kills by friends in this place as a percentage of kills by friends in the entire game.
 D = Other kills in this place as a percentage of other kills in the entire game.
 E = Experience gained in this place as a percentage of experience gained in the entire game.
 F = Experience gained in this place divided by the number of levels of this place that you have seen.
                   A       B       C       D       E      F
               +-------+-------+-------+-------+-------+----------------------
         Total | 100.0 | 100.0 |   N/A |   N/A | 100.0 | 314.0
       Dungeon | 100.0 | 100.0 |   N/A |   N/A | 100.0 | 366.3
               +-------+-------+-------+-------+-------+----------------------

Table legend: (Time is in decaauts)
 A = Elapsed time spent in this place.
 B = Non-inter-level travel time spent in this place.
 C = Inter-level travel time spent in this place.
 D = Time resting spent in this place.
 E = Time spent auto-exploring this place.
 F = Levels seen in this place.
 G = Mean time per level.
                   A        B        C        D        E       F      G
               +--------+--------+--------+--------+--------+-----+--------+
         Total |   7125 |   6826 |    299 |   1244 |   4736 |   7 | 1017.9 |
       Dungeon |   7054 |   6775 |    279 |   1244 |   4701 |   6 | 1175.7 |
        Temple |     70 |     50 |     20 |      0 |     35 |   1 |   70.0 |
               +--------+--------+--------+--------+--------+-----+--------+

Top non-repeatable levels by time:
     D:5: 2057 daAuts
     D:1: 1233 daAuts
     D:2: 1213 daAuts
     D:4: 879 daAuts
     D:6: 838 daAuts
     D:3: 831 daAuts
  Temple: 70 daAuts
